 Dungeon Crawl Stone Soup version 0.22.1-1-ga44c0e56f4 (webtiles) character file.

928 Kohma the Slasher (level 8, -2/69 HPs)
             Began as a Hill Orc Fighter on Oct 7, 2018.
             Was an Initiate of Beogh.
             Killed by divine providence
             ... invoked by an orc priest
              (16 damage)
             ... on level 5 of the Dungeon.
             The game lasted 00:17:55 (5322 turns).

Kohma the Slasher (Hill Orc Fighter)                Turns: 5322, Time: 00:17:55

Health: -2/69      AC:  8    Str: 20    XL:     8   Next: 11%
Magic:  8/8        EV:  8    Int:  8    God:    Beogh [......]
Gold:   199        SH: 10    Dex: 11    Spells: 7/7 levels left

rFire    . . .     SeeInvis +   a - +1 long sword
rCold    . . .     Gourm    .   c - +0 shield
rNeg     . . .     Faith    .   b - +0 scale mail
rPois    .         Spirit   .   (no helmet)
rElec    .         Reflect  .   r - scarf {cloud immunity}
rCorr    .         Harm     .   (no gloves)
MR       .....                  x - +0 pair of boots
Stlth    ..........             (no amulet)
HPRegen  0.21/turn              y - ring of see invisible
MPRegen  0.11/turn              (no ring)

@: no status effects
A: no striking features
a: Renounce Religion


You were on level 5 of the Dungeon.
You worshipped Beogh.
Beogh was noncommittal.
You were hungry.

You visited 1 branch of the dungeon, and saw 5 of its levels.

You collected 199 gold pieces.

Inventory:

Hand Weapons
 a - a +1 long sword (weapon)
 e - a +0 shortbow
 j - the +9 mace of Geyssyrui {antimagic, Dex+3 SInv, unknown}
   (You found it on level 5 of the Dungeon)

   It reduces the magical energy of the wielder, and disrupts the spells and
   magical abilities of those hit.
   Natural abilities and divine invocations are not affected.
   It affects your dexterity (+3).
   It lets you see invisible.
 l - a +2 dagger of speed
Missiles
 g - 88 bolts
 p - 14 poisoned needles
 q - 3 curare-tipped needles
 s - 68 arrows
 u - 2 needles of confusion
Armour
 b - a +0 scale mail (worn)
 c - a +0 shield (worn)
 r - a scarf of cloud immunity (worn)
 x - a +0 pair of boots (worn)
Jewellery
 y - a ring of see invisible (left hand)
Scrolls
 i - a scroll of teleportation
 k - a scroll of enchant weapon
 t - a scroll of remove curse
Potions
 d - a potion of might
 m - 2 potions of curing
 n - 2 potions of lignification
 o - a potion of agility {unknown}
Comestibles
 f - 5 rations
 v - a chunk of flesh


   Skills:
 + Level 5.4 Fighting
 * Level 7.0 Long Blades
 + Level 5.3 Armour
 - Level 0.9 Dodging
 - Level 0.1 Stealth
 + Level 5.2 Shields


You had 7 spell levels left.
You didn't know any spells.
Your spell library was empty.

Dungeon Overview and Level Annotations

Branches:
Dungeon (5/15)
 Temple: D:4-7

Altars:
Okawaru

Shops:
D:4 (


Message History

You destroy the centaur zombie!
Beogh accepts your kill.
Your Long Blades skill increases to level 7!
The orc barely misses you.
You hit the orc but do no damage. You slash the orc!
You kill the orc!
Beogh accepts your kill.
You closely miss the leopard gecko. The leopard gecko barely misses you.
The leopard gecko completely misses you.
You riposte.
You hit the leopard gecko.
The leopard gecko is severely wounded.
You see here a ration.
You hit the leopard gecko.
You kill the leopard gecko!
Beogh accepts your kill.
The orc priest mumbles some strange prayers to Beogh against you.
Beogh smites you!
You die...
Beogh appreciates the orc priest's killing of a heretic priest.

####### ******#####
#.....# *,,,,,,...#
#.....#
#.#######.#####.....#
#>.......)....†.....# #
#.#####.#.#####.....####
#.,..<#.#....##Z....oo#(
#.###'#.####%##.....#(o.
#......@####.##..Zc.###≈
#..........o.#####..# #.
#......####### ##.####
#.........# #.o#
#.......### ##(##
#.###'#.# #..#
#.###.#.#############)##
#............o..........
#######.......########.#


You could see an orc priest.

Vanquished Creatures
  An ice beast (D:5)
  An ogre (D:4)
  2 centaurs (D:5)
  A howler monkey (D:4)
  A crimson imp (D:5)
  2 centaur zombies (D:5)
  2 hounds
  3 orc wizards
  3 worker ants (D:4)
  5 gnolls (D:5)
  6 adders
  A shadow imp (D:5)
  3 worms
  A dart slug (D:1)
  3 leopard geckos
  13 orcs
  11 giant cockroaches
  3 goblins
  7 hobgoblins
  9 jackals
  11 kobolds
  6 quokkas
  3 ball pythons
  2 bats
  7 frilled lizards
  6 rats
113 creatures vanquished.

Notes
Turn   | Place    | Note
-------+----------+-------------------------------------------
     0 | D:1      | Kohma the Hill Orc Fighter began the quest for the Orb.
     0 | D:1      | Reached XP level 1. HP: 19/19 MP: 1/1
   715 | D:1      | Reached XP level 2. HP: 27/27 MP: 2/2
  1148 | D:2      | Reached XP level 3. HP: 33/33 MP: 3/3
  1360 | D:2      | Reached skill level 3 in Long Blades
  1516 | D:2      | Reached XP level 4. HP: 20/40 MP: 4/4
  2418 | D:3      | Reached XP level 5. HP: 37/46 MP: 5/5
  2776 | D:3      | Reached skill level 4 in Long Blades
  3238 | D:4      | Found Posoah's Antique Weapon Shoppe.
  3294 | D:4      | Reached XP level 6. HP: 42/53 MP: 6/6
  3788 | D:4      | Reached skill level 5 in Long Blades
  4179 | D:4      | Reached XP level 7. HP: 29/60 MP: 7/7
  4447 | D:5      | Entered Level 5 of the Dungeon
  4488 | D:5      | Reached skill level 6 in Long Blades
  4848 | D:5      | HP: 3/60 [ice beast (11)]
  4858 | D:5      | HP: 1/60 [ice beast (10)]
  4864 | D:5      | Reached skill level 5 in Fighting
  4869 | D:5      | Reached skill level 5 in Armour
  5078 | D:5      | Got a transparent mace
  5163 | D:5      | Became a worshipper of Beogh the Brigand
  5186 | D:5      | Reached skill level 5 in Shields
  5187 | D:5      | Found an iron altar of Okawaru.
  5277 | D:5      | Reached XP level 8. HP: 23/69 MP: 8/8
  5309 | D:5      | Reached skill level 7 in Long Blades
  5322 | D:5      | Killed from afar by an orc priest

Skill      XL: |  1  2  3  4  5  6  7  8 |
---------------+-------------------------+-----
Fighting       | 4 5 |  5.4
Long Blades    | 3 4 5 6 7 |  7.0
Shields        | 4 5 |  5.2
Armour         | 4 5 |  5.3
Dodging        | |  0.9
Stealth        | |  0.1

Action                   |  1- 3 |  4- 6 |  7- 9 || total
-------------------------+-------+-------+-------++-------
Melee: Long sword        |   108 |   225 |   121 ||   454
Invok: Convert to Beogh  |       |       |     1 ||     1
  Use: Scroll            |       |       |    10 ||    10
       Potion            |       |       |     3 ||     3
  Eat: Chunk             |     2 |     9 |     3 ||    14
Armor: Scale mail        |    43 |    89 |    40 ||   172
Dodge: Dodged            |    41 |    67 |    42 ||   150
Block: Shield            |    49 |   108 |    73 ||   230
       Rpst.: Long sword |    10 |    29 |    14 ||    53
